 Dungeon Sprint DCSS version 0.31-a0-150-g89dc3ad700 (webtiles) character file.

Game seed: 7299636597568447413

909 rocky1 the Cleaver (level 7, -8/99 HPs)
             Began as a Minotaur Gladiator on June 9, 2023.
             Was a Follower of Okawaru.
             Mangled by a two-headed ogre
             ... wielding a +0 giant club
              (21 damage)
             ... in the Dungeon (Sprint VII: "The Pits").
             The game lasted 00:02:44 (806 turns).

rocky1 the Cleaver (Minotaur Gladiator)              Turns: 806, Time: 00:02:45

Health: -8/99      AC: 10    Str: 20    XL:     7   Next: 81%
Magic:  8/9        EV: 13    Int:  5    God:    Okawaru [*.....]
Gold:   0          SH:  0    Dex: 12    Spells: 6/6 levels left

rFire   . . .        a - +0 war axe
rCold   . . .        (no shield)
rNeg    . . .        n - +3 scale mail
rPois   .            c - +0 hat
rElec   .            (no cloak)
rCorr   .            (no gloves)
SInv    .            (no boots)
Will    .....        (no amulet) Stlth
                     (no ring)
HPRegen 0.36/turn    (no ring)
MPRegen 0.11/turn

%: no teleportation
@: berserking (expiring), lethally poisoned (-8 -> -13), weakened, slowed
A: horns 2, retaliatory headbutt
a: Renounce Religion, Heroism


You were in the Dungeon.
You worshipped Okawaru.
Okawaru was aware of your devotion.
You visited 1 branch

Inventory:

Hand Weapons
 a - a +0 war axe (weapon)
 o - a +1 hand axe of freezing
 p - a +2 flail of protection
Missiles
 d - 3 throwing nets (quivered)
 e - a javelin
Armour
 b - a +0 leather armour
 c - a +0 hat (worn)
 n - a +3 scale mail (worn)
Scrolls
 k - a scroll of blinking
 m - 5 scrolls of amnesia
Potions
 f - 6 potions of curing
 g - 5 potions of heal wounds
 h - a potion of haste
 i - 4 potions of magic
 j - a potion of berserk rage
 l - 2 potions of invisibility


   Skills:
 * Level 7.2 Fighting
 * Level 12.8(13.2) Axes
 * Level 4.9(9.6) Maces & Flails
 * Level 5.5 Throwing
 * Level 5.2 Armour
 * Level 9.8 Dodging
 + Level 0.8 Stealth
 * Level 4.0 Invocations


You had 6 spell levels left.
You didn't know any spells.
Your spell library was empty.

Dungeon Overview and Level Annotations

Branches:
Dungeon (1/1)

Altars:
Ashenzari
Cheibriados
Dithmenos
Elyvilon
Fedhas
Gozag
Hepliaklqana
Kikubaaqudgha
Makhleb
Nemelex Xobeh
Okawaru
Qazlal
Ru
Sif Muna
Trog
Uskayaw
Vehumet
Wu Jian
Xom
Yredelemnul
Zin
The Shining One
Jiyva
Lugonu


Innate Abilities, Weirdness & Mutations

You have a pair of horns on your head.
You reflexively headbutt those who attack you in melee.


Message History

Unknown command.
You barely miss the hornet.
The hornet is severely wounded.
You feel very sick. The hornet barely misses you.
Unknown command.
You slash the hornet!
The hornet is almost dead.
You feel very sick. The hornet closely misses you. You furiously retaliate!
You headbutt the hornet!!
You kill the hornet!
Okawaru accepts your kill.
Your Fighting skill increases to level 7!
Your Armour skill increases to level 5!
Your Invocations skill increases to level 4!
Unknown command.
You hit the gnoll bouda.
The gnoll bouda is lightly wounded.
You feel very sick.
You barely miss the gnoll bouda.
The gnoll bouda is lightly wounded.
You feel very sick. The gnoll bouda barely misses you.
Unknown command.
You closely miss the gnoll bouda. You headbutt the gnoll bouda.
The gnoll bouda is moderately wounded.
You feel sick.
You hit the two-headed ogre.
The two-headed ogre is lightly wounded.
You feel sick.
The gnoll bouda gazes fiercely through you!
You feel your attacks grow feeble.
You hit the two-headed ogre.
The two-headed ogre is lightly wounded.
You feel sick.
The two-headed ogre hits you with a +0 giant club!
* * * LOW HITPOINT WARNING * * *
The two-headed ogre hits you with a +0 giant club!!
You die...

#.####†##'###...<...#
..##
#.#........##.......#
..+
#.#........##.......#
..#
#'###########.......#
#.......#.. #########
#.)#.#..#.# ###
#.##.##.#)# ...#
#.......#'#g...#
#.##.##.#@Ogg..+
#..#.#..#'#g...#
#.......'.# ...#
########### ###


You could see a two-headed ogre, a gnoll bouda and 3 gnolls.

Vanquished Creatures
  A cane toad (D)
  A hornet (D)
  A floating eye (D)
  2 black bears (D)
  An ogre (D)
  A crimson imp (D)
  A gnoll (D)
  A white imp (D)
  An ufetubus (D)
  An orc (D)
  A ball python (D)
  3 giant cockroaches (D)
  A hobgoblin (D)
  4 jackals (D)
  2 kobolds (D)
  A quokka (D)
  A giant cockroach zombie (D)
  2 rats (D)
26 creatures vanquished.

Notes
Turn   | Place    | Note
-------+----------+-------------------------------------------
     0 | D        | rocky1 the Minotaur Gladiator began the quest for the Orb.
     0 | D        | Reached XP level 1. HP: 18/18 MP: 0/0
    11 | D        | Noticed a hell hound
    26 | D        | Reached skill level 4 in Axes
    30 | D        | Found a bloodstained altar of Trog.
    30 | D        | Found a shimmering blue altar of Sif Muna.
    30 | D        | Found a viscous altar of Jiyva.
    30 | D        | Found a hazy altar of Hepliaklqana.
    30 | D        | Found an opulent altar of Gozag.
    31 | D        | Found a glowing golden altar of the Shining One.
    31 | D        | Found a glowing silver altar of Zin.
    31 | D        | Found a basalt altar of Yredelemnul.
    31 | D        | Found a shimmering altar of Xom.
    31 | D        | Found an ornate altar of the Wu Jian Council.
    31 | D        | Found a sacrificial altar of Ru.
    31 | D        | Found a stormy altar of Qazlal.
    31 | D        | Found an iron altar of Okawaru.
    31 | D        | Found a sparkling altar of Nemelex Xobeh.
    31 | D        | Found a burning altar of Makhleb.
    31 | D        | Found a blossoming altar of Fedhas.
    31 | D        | Found a white marble altar of Elyvilon.
    31 | D        | Found a shadowy altar of Dithmenos.
    31 | D        | Found a snail-covered altar of Cheibriados.
    33 | D        | Found a radiant altar of Vehumet.
    33 | D        | Found a corrupted altar of Lugonu.
    34 | D        | Found a hide-covered altar of Uskayaw.
    34 | D        | Found an ancient bone altar of Kikubaaqudgha.
    34 | D        | Found a broken altar of Ashenzari.
    39 | D        | Became a worshipper of Warmaster Okawaru
    78 | D        | Reached XP level 2. HP: 25/25 MP: 1/1
    87 | D        | Reached skill level 5 in Axes
    93 | D        | Noticed a floating eye
    98 | D        | Paralysed by a floating eye for 3 turns
   103 | D        | Killed a floating eye
   104 | D        | Reached skill level 8 in Axes
   104 | D        | Reached XP level 3. HP: 33/34 MP: 2/2
   104 | D        | Reached XP level 4. HP: 40/41 MP: 3/3
   170 | D        | Reached skill level 1 in Armour
   171 | D        | Noticed a black bear
   177 | D        | Killed a black bear
   178 | D        | Reached skill level 5 in Fighting
   178 | D        | Reached skill level 9 in Axes
   178 | D        | Reached skill level 1 in Invocations
   178 | D        | Reached XP level 5. HP: 48/48 MP: 3/5
   208 | D        | Noticed a cane toad
   215 | D        | Killed a cane toad
   215 | D        | Reached * piety under Okawaru
   216 | D        | Reached skill level 11 in Axes
   216 | D        | Reached XP level 6. HP: 49/57 MP: 5/7
   487 | D        | Reached skill level 5 in Throwing
   487 | D        | Reached XP level 7. HP: 16/64 MP: 8/8
   494 | D        | Reached skill level 12 in Axes
   792 | D        | Noticed a hornet
   792 | D        | Noticed a two-headed ogre
   801 | D        | Killed a hornet
   802 | D        | Reached skill level 5 in Armour
   806 | D        | Mangled by a two-headed ogre

Illustrated notes

Levels and vault maps discovered:
D:        pitsprint [storerooms_1, entrance_room_1, metal_vault_8, armoury_2,
          mini_pit_1, grid_room_1, main_hall_1, silver_pit, the_coven_1,
          the_vestibule_1, steel_vault_5, golden_pit, hallway_of_sentries,
          crystal_vault_4, iron_vault_4, final_vault]

Skill      XL: |  1  2  3  4  5  6  7 |
---------------+----------------------+-----
Axes           | 4 8 9 11 12 | 12.8
Dodging        | 4 6 7 9 |  9.8
Fighting       | 4 5 6 7 |  7.2
Throwing       | 3 4 5 |  5.5
Armour         | 2 3 4 5 |  5.2
Maces & Flails | 2 3 4 |  4.9
Invocations    | 1 3 4 |  4.0
Stealth        | |  0.8

Action                     |  1- 3 |  4- 6 |  7- 9 || total
---------------------------+-------+-------+-------++-------
  Melee: War axe           |    10 |    21 |    22 ||    53
         Headbutt          |     3 |     5 |     4 ||    12
    Use: Potion            |       |     1 |     2 ||     3
 Armour: Leather armour    |     2 |       |       ||     2
         Scale mail        |       |     3 |     9 ||    12
  Dodge: Dodged            |     6 |     8 |    15 ||    29

Table legend: (Time is in decaauts)
 A = Elapsed time spent in this place.
 B = Non-inter-level travel time spent in this place.
 C = Inter-level travel time spent in this place.
 D = Time resting spent in this place.
 E = Time spent auto-exploring this place.
 F = Levels seen in this place.
 G = Mean time per level.
                   A        B        C        D        E       F      G
               +--------+--------+--------+--------+--------+-----+--------+
         Total |    817 |    799 |     18 |    579 |      0 |   1 |  817.0 |
       Dungeon |    817 |    799 |     18 |    579 |      0 |   1 |  817.0 |
               +--------+--------+--------+--------+--------+-----+--------+

Top non-repeatable levels by time:
       D: 817 daAuts
